A - U25
COLUMBIA FIREFLIES @ KANNAPOLIS INTIMIDATORS
07/13/2053
 
TOP OF THE 1ST
Augusta GreenJackets batting - Pitching for Rome Braves : RHP Noah Collier
Pitching: RHP Noah Collier
Batting: LHB Isaiah Howerton 0-0: Called Strike
0-1: Foul Ball, location: 2F
0-2: Ball
1-2: Foul Ball, location: 2F
1-2: Foul Ball, location: 2F
1-2: SINGLE (Line Drive, 34D, EV 94.4 MPH)
Batting: RHB Maurice Newbold 0-0: Called Strike
0-1: Foul Ball, location: 2F
0-2: Ball
1-2: Foul Ball, location: 2F
1-2: Ball
2-2: Ball
3-2: Grounds into double play, 6-4-3 (Groundball, 6, EV 83.8 MPH)
Batting: LHB Jake Kellan 0-0: Fly out, F9 (Flyball, 9S, EV 90.6 MPH)
Top of the 1st over - 0 runs, 1 hit, 0 errors, 0 left on base; Augusta 0 - Rome 0
BOTTOM OF THE 1ST
Rome Braves batting - Pitching for Augusta GreenJackets : RHP Jamison Falcone
Pitching: RHP Jamison Falcone
Batting: SHB Jeff Crane 0-0: Swinging Strike
0-1: SOLO HOME RUN (Line Drive, 89XD, EV 105.6 MPH), Distance : 407 ft
Batting: LHB Jon Thompson 0-0: Called Strike
0-1: Ball
1-1: Ball
2-1: Swinging Strike
2-2: Strikes out swinging
Batting: LHB Manuel Trevino 0-0: Ball
1-0: Ball
2-0: Foul Ball, location: 2F
2-1: Ball
3-1: Fly out, F6 (Popup, 6D, EV 59.4 MPH)
Batting: LHB Tucker Barrow 0-0: Ball
1-0: Ball
2-0: Reached on error, E1 (Groundball, 15, EV 62.5 MPH)
Batting: RHB Christopher Martin 0-0: Ground out 1-3 (Groundball, 13S, EV 75.0 MPH)
Bottom of the 1st over - 1 run, 1 hit, 1 error, 1 left on base; Augusta 0 - Rome 1
TOP OF THE 2ND
Augusta GreenJackets batting - Pitching for Rome Braves : RHP Noah Collier
Batting: LHB Bryce Otero 0-0: Ball
1-0: Ball
2-0: Ball
3-0: Called Strike
3-1: SINGLE (Flyball, 8LS, EV 92.5 MPH)
Batting: RHB Wil Cruz 0-0: Ball
1-0: Fielders Choice at 2nd, 4-6 (Groundball, 34S, EV 88.1 MPH)
Batting: LHB Rafael Sánchez 0-0: Fielders Choice at 2nd, 4-6 (Groundball, 4, EV 100.6 MPH)
Batting: RHB Chano Luevano 0-0: Called Strike
0-1: Ball
1-1: Fly out, F7 (Flyball, 7S, EV 85.0 MPH)
Top of the 2nd over - 0 runs, 1 hit, 0 errors, 1 left on base; Augusta 0 - Rome 1
BOTTOM OF THE 2ND
Rome Braves batting - Pitching for Augusta GreenJackets : RHP Jamison Falcone
Batting: RHB Ryan Bennett 0-0: Swinging Strike
0-1: Foul Ball, location: 2F
0-2: Ball
1-2: Foul Ball, location: 2F
1-2: Foul Ball, location: 2F
1-2: Fly out, F8 (Flyball, 78D, EV 91.9 MPH)
Batting: RHB Luke Olague 0-0: Ball
1-0: Called Strike
1-1: Swinging Strike
1-2: Foul Ball, location: 2F
1-2: Ball
2-2: Fly out, F8 (Flyball, 78M, EV 93.1 MPH)
Batting: RHB Isaac Root 0-0: Fly out, F9 (Flyball, 89M, EV 91.9 MPH)
Bottom of the 2nd over - 0 runs, 0 hits, 0 errors, 0 left on base; Augusta 0 - Rome 1
TOP OF THE 3RD
Augusta GreenJackets batting - Pitching for Rome Braves : RHP Noah Collier
Batting: RHB Luke Solheim 0-0: Called Strike
0-1: Ball
1-1: Called Strike
1-2: Strikes out swinging
Batting: RHB Giraldo Cepeda 0-0: Ball
1-0: Ball
2-0: Ground out 4-3 (Groundball, 4, EV 90.6 MPH)
Batting: LHB Isaiah Howerton 0-0: Ball
1-0: Ball
2-0: Called Strike
2-1: Ball
3-1: Called Strike
3-2: Base on Balls
Batting: RHB Maurice Newbold 0-0: Called Strike
0-1: Fly out, F8 (Flyball, 8RM, EV 85.0 MPH)
Top of the 3rd over - 0 runs, 0 hits, 0 errors, 1 left on base; Augusta 0 - Rome 1
BOTTOM OF THE 3RD
Rome Braves batting - Pitching for Augusta GreenJackets : RHP Jamison Falcone
Batting: SHB Daniel Coronel 0-0: Called Strike
0-1: Fly out, F8 (Flyball, 8LXD, EV 98.1 MPH)
Batting: SHB Jeff Crane 0-0: Reached on error, E4 (Groundball, 4, EV 84.4 MPH)
Batting: LHB Jon Thompson 0-0: Called Strike
0-1: Ball
1-1: Called Strike
1-2: Ball
2-2: Ball
3-2: Base on Balls
Batting: LHB Manuel Trevino 0-0: Called Strike
0-1: Ball
1-1: Called Strike
1-2: Ball
2-2: Foul Ball, location: 2F
2-2: Fly out, F9 (Flyball, 9S, EV 75.0 MPH)
Batting: LHB Tucker Barrow 0-0: Ground out U3 (Groundball, 34, EV 87.5 MPH)
Bottom of the 3rd over - 0 runs, 0 hits, 1 error, 2 left on base; Augusta 0 - Rome 1
TOP OF THE 4TH
Augusta GreenJackets batting - Pitching for Rome Braves : RHP Noah Collier
Batting: LHB Jake Kellan 0-0: Called Strike
0-1: Ball
1-1: Swinging Strike
1-2: Ground out 5-3 (Groundball, 56, EV 103.1 MPH)
Batting: LHB Bryce Otero 0-0: Foul Ball, location: 2F
0-1: Swinging Strike
0-2: Fly out, F7 (Flyball, 7LS, EV 98.1 MPH)
Batting: RHB Wil Cruz 0-0: Swinging Strike
0-1: Foul Ball, location: 2F
0-2: Foul Ball, location: 2F
0-2: Ball
1-2: Strikes out swinging
Top of the 4th over - 0 runs, 0 hits, 0 errors, 0 left on base; Augusta 0 - Rome 1
BOTTOM OF THE 4TH
Rome Braves batting - Pitching for Augusta GreenJackets : RHP Jamison Falcone
Batting: RHB Christopher Martin 0-0: Ball
1-0: SINGLE (Groundball, 6S, EV 62.5 MPH) (infield hit)
Batting: RHB Ryan Bennett 0-0: Ball
1-0: SINGLE (Groundball, 6D, EV 102.5 MPH)
Christopher Martin to second
Batting: RHB Luke Olague 0-0: Called Strike
0-1: Ball
1-1: Foul Ball, location: 2F
1-2: Ball
2-2: Ball
3-2: SINGLE (Flyball, 89M, EV 91.2 MPH)
Christopher Martin to third
Ryan Bennett to second
Batting: RHB Isaac Root 0-0: Ball
1-0: Foul Ball, location: 2F
1-1: Called Strike
1-2: Ball
2-2: Foul Ball, location: 2F
2-2: Strikes out swinging
Batting: SHB Daniel Coronel 0-0: Ball
1-0: Ball
2-0: Called Strike
2-1: Ball
3-1: Fly out, F7 (Flyball, 7S, EV 96.2 MPH)
Batting: SHB Jeff Crane 0-0: Ball
1-0: Ball
2-0: Called Strike
2-1: TRIPLE (Flyball, 89XD, EV 91.2 MPH)
Christopher Martin scores
Ryan Bennett scores
Luke Olague scores
Batting: LHB Jon Thompson 0-0: Ball
1-0: Ball
2-0: Swinging Strike
2-1: SINGLE (Groundball, 34S, EV 73.1 MPH) (infield hit)
Jeff Crane scores
Pitching: RHP Jonathan Willey
Batting: LHB Manuel Trevino 0-0: Called Strike
0-1: Ball
1-1: Ball
2-1: Ball
3-1: Fly out, F6 (Popup, 6M, EV 72.5 MPH)
Bottom of the 4th over - 4 runs, 5 hits, 0 errors, 1 left on base; Augusta 0 - Rome 5
TOP OF THE 5TH
Augusta GreenJackets batting - Pitching for Rome Braves : RHP Noah Collier
Batting: LHB Rafael Sánchez 0-0: Swinging Strike
0-1: Swinging Strike
0-2: Foul Ball, location: 2F
0-2: Ball
1-2: SINGLE (Groundball, 34D, EV 100.0 MPH)
Batting: RHB Chano Luevano 0-0: Ball
1-0: Ball
2-0: Ball
3-0: Called Strike
3-1: Base on Balls
Rafael Sánchez to second
Batting: RHB Luke Solheim 0-0: Ball
1-0: Ball
2-0: Foul Ball, location: 2F
2-1: Ball
3-1: Called Strike
3-2: Base on Balls
Rafael Sánchez to third
Chano Luevano to second
Batting: RHB Giraldo Cepeda 0-0: Ball
1-0: Ball
2-0: Called Strike
2-1: Ball
3-1: Foul Ball, location: 2F
3-2: Foul Ball, location: 2F
3-2: Grounds into double play, 6-4-3 (Groundball, 6, EV 81.2 MPH)
Rafael Sánchez scores
Chano Luevano to third
Batting: LHB Isaiah Howerton 0-0: SINGLE (Line Drive, 56D, EV 106.2 MPH)
Chano Luevano scores
Batting: RHB Maurice Newbold 0-0: Ball
1-0: Swinging Strike
1-1: Foul Ball, location: 2F
1-2: Ball
2-2: Foul Ball, location: 2F
2-2: Foul Ball, location: 2F
2-2: SINGLE (Flyball, 8LS, EV 91.2 MPH)
Isaiah Howerton to second
Batting: LHB Jake Kellan 0-0: Foul Ball, location: 2F
0-1: Foul Ball, location: 2F
0-2: Foul Ball, location: 2F
0-2: Foul Ball, location: 2F
0-2: Ball
1-2: Foul Ball, location: 2F
1-2: Ball
2-2: Foul Ball, location: 2F
2-2: Foul Ball, location: 2F
2-2: Ball
3-2: Base on Balls
Isaiah Howerton to third
Maurice Newbold to second
Pitching: RHP Gregor Zelaya
Batting: LHB Bryce Otero 0-0: Ball
1-0: Swinging Strike
1-1: Called Strike
1-2: Ball
2-2: Strikes out looking
Top of the 5th over - 2 runs, 3 hits, 0 errors, 3 left on base; Augusta 2 - Rome 5
BOTTOM OF THE 5TH
Rome Braves batting - Pitching for Augusta GreenJackets : RHP Jonathan Willey
Batting: LHB Tucker Barrow 0-0: Fly out, F7 (Flyball, 7LS, EV 82.5 MPH)
Batting: RHB Christopher Martin 0-0: Foul Ball, location: 2F
0-1: Ball
1-1: SINGLE (Line Drive, 78S, EV 106.2 MPH)
Batting: RHB Ryan Bennett 0-0: Ball
1-0: Ball
2-0: Called Strike
2-1: Swinging Strike
2-2: Ball
3-2: Foul Ball, location: 2F
3-2: Base on Balls
Christopher Martin to second
Batting: RHB Luke Olague 0-0: Foul Ball, location: 2F
0-1: Ball
1-1: Ball
2-1: SINGLE (Line Drive, 9LS, EV 111.2 MPH)
Christopher Martin to third
Ryan Bennett to second
Batting: RHB Isaac Root 0-0: Foul Ball, location: 2F
0-1: Foul Ball, location: 2F
0-2: Foul Ball, location: 2F
0-2: Ball
1-2: SINGLE (Groundball, 4D, EV 98.1 MPH)
Christopher Martin scores
Ryan Bennett to third
Luke Olague to second
Runner from 3rd tries for Home, SAFE, throw by RF to home
Batting: SHB Daniel Coronel 0-0: Swinging Strike
0-1: Ball
1-1: Swinging Strike
1-2: Ball
2-2: Strikes out looking
Batting: SHB Jeff Crane 0-0: Called Strike
Luke Olague steals 3rd base
0-1: Swinging Strike
0-2: Ball
1-2: Strikes out swinging
Bottom of the 5th over - 2 runs, 3 hits, 0 errors, 2 left on base; Augusta 2 - Rome 7
TOP OF THE 6TH
Augusta GreenJackets batting - Pitching for Rome Braves : RHP Gregor Zelaya
Batting: RHB Wil Cruz 0-0: Ball
1-0: Called Strike
1-1: Ball
2-1: Ball
3-1: Ground out 5-3 (Groundball, 5L, EV 83.8 MPH)
Batting: LHB Rafael Sánchez 0-0: Ball
1-0: Ground out 1-3 (Groundball, 15S, EV 71.2 MPH)
Batting: RHB Chano Luevano 0-0: Called Strike
0-1: Ball
1-1: Swinging Strike
1-2: Ball
2-2: Fly out, F6 (Line Drive, 6D, EV 66.2 MPH)
Top of the 6th over - 0 runs, 0 hits, 0 errors, 0 left on base; Augusta 2 - Rome 7
BOTTOM OF THE 6TH
Rome Braves batting - Pitching for Augusta GreenJackets : RHP Jonathan Willey
Batting: LHB Jon Thompson 0-0: Called Strike
0-1: Ball
1-1: Ball
2-1: Ball
3-1: Foul Ball, location: 2F
3-2: Strikes out swinging
Batting: LHB Manuel Trevino 0-0: Called Strike
0-1: DOUBLE (Line Drive, 7LS, EV 102.5 MPH)
Batting: LHB Tucker Barrow 0-0: Ball
1-0: SINGLE (Line Drive, 8LS, EV 106.2 MPH)
Manuel Trevino to third
Batting: RHB Christopher Martin 0-0: Called Strike
0-1: Ball
1-1: Foul Ball, location: 2F
1-2: Ball
2-2: Foul Ball, location: 2F
2-2: Ball
3-2: Fielders Choice at 2nd, 5-4 (Groundball, 56, EV 91.9 MPH)
Manuel Trevino scores
Batting: RHB Ryan Bennett 0-0: Swinging Strike
0-1: Ball
1-1: Called Strike
1-2: Foul Ball, location: 2F
1-2: Reached on error, E6 (Groundball, 6, EV 78.8 MPH)
Christopher Martin to second
Batting: RHB Luke Olague 0-0: Ball
1-0: Ball
2-0: Foul Ball, location: 2F
2-1: Foul Ball, location: 2F
2-2: Foul Ball, location: 2F
2-2: Strikes out swinging
Bottom of the 6th over - 1 run, 2 hits, 1 error, 2 left on base; Augusta 2 - Rome 8
TOP OF THE 7TH
Augusta GreenJackets batting - Pitching for Rome Braves : RHP Gregor Zelaya
Batting: RHB Luke Solheim 0-0: Called Strike
0-1: Called Strike
0-2: Strikes out swinging
Batting: RHB Giraldo Cepeda 0-0: Called Strike
0-1: Ground out 6-3 (Groundball, 6, EV 88.8 MPH)
Batting: LHB Isaiah Howerton 0-0: Ball
1-0: Called Strike
1-1: Foul Ball, location: 2F
1-2: Ball
2-2: Foul Ball, location: 2F
2-2: Ball
3-2: Base on Balls
Batting: RHB Maurice Newbold 0-0: Ball
1-0: Foul Ball, location: 2F
1-1: Called Strike
1-2: Strikes out swinging
Top of the 7th over - 0 runs, 0 hits, 0 errors, 1 left on base; Augusta 2 - Rome 8
BOTTOM OF THE 7TH
Rome Braves batting - Pitching for Augusta GreenJackets : RHP Jonathan Willey
Batting: RHB Isaac Root 0-0: SINGLE (Flyball, 78S, EV 95.6 MPH)
Pitching: RHP Téo De Los Santos
Batting: SHB Daniel Coronel 0-0: Ball
1-0: Called Strike
1-1: Called Strike
1-2: Ball
2-2: Strikes out swinging
Batting: SHB Jeff Crane 0-0: Ball
1-0: Swinging Strike
1-1: Ball
2-1: Foul Ball, location: 2F
2-2: Strikes out swinging
Batting: LHB Jon Thompson 0-0: Called Strike
0-1: Ball
1-1: Foul Ball, location: 2F
1-2: Strikes out swinging
Bottom of the 7th over - 0 runs, 1 hit, 0 errors, 1 left on base; Augusta 2 - Rome 8
TOP OF THE 8TH
Augusta GreenJackets batting - Pitching for Rome Braves : RHP Gregor Zelaya
Batting: LHB Jake Kellan 0-0: SINGLE (Groundball, 6MD, EV 98.1 MPH)
Batting: LHB Bryce Otero 0-0: Fly out, F3 (Line Drive, 3L, EV 69.4 MPH)
Batting: RHB Wil Cruz 0-0: Ball
1-0: Swinging Strike
1-1: SINGLE (Groundball, 25, EV 76.2 MPH) (infield hit)
Jake Kellan to second
Pitching: RHP Antonio Santillan
Batting: LHB Rafael Sánchez 0-0: Ball
1-0: Ground out 6-3 (Groundball, 6M, EV 86.2 MPH)
Jake Kellan to third
Wil Cruz to second
Batting: RHB Chano Luevano 0-0: Called Strike
0-1: Foul Ball, location: 2F
0-2: Ball
1-2: Ball
2-2: 3-RUN HOME RUN (Line Drive, 78XD, EV 110.6 MPH), Distance : 431 ft
Pinch Hitting: RHB Tom Gula 0-0: Ball
1-0: SINGLE (Flyball, 4D, EV 93.8 MPH)
Batting: RHB Giraldo Cepeda 0-0: Called Strike
0-1: Called Strike
0-2: Ball
Wild Pitch!
Tom Gula to second
1-2: Strikes out swinging
Top of the 8th over - 3 runs, 4 hits, 0 errors, 1 left on base; Augusta 5 - Rome 8
BOTTOM OF THE 8TH
Rome Braves batting - Pitching for Augusta GreenJackets : RHP Téo De Los Santos
Pitching: RHP Wyatt Manzo
Now at SS: Tom Gula
Batting: LHB Manuel Trevino 0-0: Ground out U3 (Groundball, 3, EV 86.9 MPH)
Batting: LHB Tucker Barrow 0-0: Foul Ball, location: 2F
0-1: Called Strike
0-2: Foul Ball, location: 2F
0-2: Strikes out swinging
Batting: RHB Christopher Martin 0-0: Ball
1-0: Ball
2-0: Foul Ball, location: 2F
2-1: Foul Ball, location: 2F
2-2: Strikes out swinging
Bottom of the 8th over - 0 runs, 0 hits, 0 errors, 0 left on base; Augusta 5 - Rome 8
TOP OF THE 9TH
Augusta GreenJackets batting - Pitching for Rome Braves : RHP Antonio Santillan
Pitching: RHP Isaiah Fuller
Batting: LHB Isaiah Howerton 0-0: Ball
1-0: Called Strike
1-1: Ball
2-1: Foul Ball, location: 2F
2-2: Foul Ball, location: 2F
2-2: Ball
3-2: Base on Balls
Batting: RHB Maurice Newbold 0-0: Foul Ball, location: 2F
0-1: Swinging Strike
0-2: Ball
1-2: Ball
2-2: Ball
3-2: Base on Balls
Isaiah Howerton to second
Batting: LHB Jake Kellan 0-0: SINGLE (Flyball, 34D, EV 88.8 MPH)
Isaiah Howerton to third
Maurice Newbold to second
Batting: LHB Bryce Otero 0-0: Foul Ball, location: 2F
0-1: Ball
1-1: Ball
2-1: Ball
3-1: Swinging Strike
3-2: Fly out, F7 (Flyball, 7, EV 81.2 MPH)
Batting: RHB Wil Cruz 0-0: Fly out, F7 (Line Drive, 78M, EV 91.2 MPH)
Pinch Hitting: SHB Dominic Snider 0-0: Ball
1-0: Foul Ball, location: 2F
1-1: Fly out, F8 (Flyball, 78S, EV 87.5 MPH)
Top of the 9th over - 0 runs, 1 hit, 0 errors, 3 left on base; Augusta 5 - Rome 8
Saturday, June 1st , 2024 - OOTP Baseball 25.5 Build 67